 Dungeon Crawl Stone Soup version 0.26-a0-466-g989023bd0d (webtiles) character file.

Game seed: 2644692272627167804

44 Lanoc the Sneak (level 3, -4/33 HPs)
             Began as a Minotaur Delver on Aug 3, 2020.
             Slain by a sky beast (5 damage)
             ... on level 5 of the Dungeon.
             The game lasted 00:00:58 (537 turns).

Lanoc the Sneak (Minotaur Delver)                    Turns: 537, Time: 00:00:58

Health: -4/33      AC:  3    Str: 16    XL:     3   Next: 41%
Magic:  2/2        EV: 12    Int:  7    God:
Gold:   41         SH:  0    Dex: 12    Spells: 2/2 levels left

rFire    . . .     SeeInvis .   a - +0 hand axe
rCold    . . .     Faith    .   (no shield)
rNeg     . . .     Spirit   .   b - +0 leather armour
rPois    .         Reflect  .   (helmet restricted)
rElec    .         Harm     .   (no cloak)
rCorr    .                      (no gloves)
MR       .....                  (no boots)
Stlth    ++........             (no amulet)
HPRegen  0.11/turn              (no ring)
MPRegen  0.08/turn              (no ring)

@: no status effects
A: retaliatory headbutt, horns 2
a: no special abilities


You were on level 5 of the Dungeon.
You visited 1 branch of the dungeon, and saw 1 of its levels.

You collected 41 gold pieces.

Inventory:

Hand Weapons
 a - a +0 hand axe (weapon)
Armour
 b - a +0 leather armour (worn)
Wands
 g - a wand of digging (3)
Scrolls
 c - a scroll of fog
 d - a scroll of magic mapping
 e - a scroll of fear
 h - a scroll of identify {unknown}
 i - a scroll of teleportation {unknown}
Potions
 f - a potion of haste


   Skills:
 + Level 4.0 Fighting
 * Level 3.5 Axes
 + Level 1.4 Armour
 + Level 2.7 Dodging
 - Level 4.1 Stealth


You had 2 spell levels left.
You didn't know any spells.
Your spell library was empty.

Dungeon Overview and Level Annotations

Branches:
Dungeon (5/15)
 Temple: D:4-7

Altars:
Ru


Innate Abilities, Weirdness & Mutations

You reflexively headbutt those who attack you in melee.
You have a pair of horns on your head.


Message History

A sky beast appears from thin air!
Reactivating autopickup.
You hit the sky beast but do no damage. The sky beast barely misses you.
You furiously retaliate!
You headbutt the sky beast. You hit the sky beast but do no damage.
The sky beast is lightly wounded.
The sky beast hits you. The sky beast shocks you.
You hit the sky beast.
The sky beast is moderately wounded.
The sky beast misses you. You furiously retaliate!
You headbutt the sky beast! You hit the sky beast.
Your headbutt misses the sky beast.
The sky beast is severely wounded.
The sky beast hits you. The sky beast shocks you.
* * * LOW HITPOINT WARNING * * *
You barely miss the sky beast.
The sky beast is severely wounded.
The sky beast hits you.
* * * LOW HITPOINT WARNING * * *
The sky beast shocks you.
You die...

# #...#
##############...#########.#.
.................'.........>.
##############...####.####..
. # #.........≈.# ..
#...####.##.# .# #...# #.##.#
.. #..Y# #.##.###.# #..@#
#.##.....# #...# #.########
#...# #.# #.... ... #.#.# #.#
#.#.? #.... #####


You could see a sky beast.

Vanquished Creatures
  A hound (D:5)
  An adder skeleton (D:5)
  An adder zombie (D:5)
  A leopard gecko (D:5)
  A jackal (D:5)
  A kobold (D:5)
  A quokka (D:5)
  A bat (D:5)
  A jackal skeleton (D:5)
  A rat (D:5)
10 creatures vanquished.

Notes
Turn   | Place    | Note
-------+----------+-------------------------------------------
     0 | D:5      | Lanoc the Minotaur Delver began the quest for the Orb.
     0 | D:5      | Reached XP level 1. HP: 19/19 MP: 0/0
    12 | D:5      | Noticed an iguana
    35 | D:5      | Found a sacrificial altar of Ru.
   131 | D:5      | Noticed a hound
   137 | D:5      | Killed a hound
   137 | D:5      | Reached skill level 1 in Armour
   137 | D:5      | Reached XP level 2. HP: 24/27 MP: 1/1
   137 | D:5      | Reached XP level 3. HP: 30/33 MP: 2/2
   515 | D:5      | Noticed a sky beast
   537 | D:5      | HP: 1/33 [sky beast (4)]
   537 | D:5      | Slain by a sky beast

Illustrated notes

Levels and vault maps discovered:
D:5:      minmay_polygon_palace, layout_basic,
          nicolae_ru_great_annihilating_truth

Skill      XL: |  1 |
---------------+----+-----
Fighting       | 4 |  4.0
Axes           | 3 |  3.5
Armour         | 1 |  1.4
Dodging        | |  2.7
Stealth        | |  4.1

Action                   || total
-------------------------++-------
Melee: Hand axe          ||    36
       Headbutt          ||     1
 Stab: Paralysed         ||     1
       Distracted        ||     1
       Sleeping          ||     1
Armor: Leather armour    ||     9
Dodge: Dodged            ||    19

Table legend: (Time is in decaauts)
 A = Elapsed time spent in this place.
 B = Non-inter-level travel time spent in this place.
 C = Inter-level travel time spent in this place.
 D = Time resting spent in this place.
 E = Time spent auto-exploring this place.
 F = Levels seen in this place.
 G = Mean time per level.
                   A        B        C        D        E       F      G
               +--------+--------+--------+--------+--------+-----+--------+
         Total |    541 |    541 |      0 |      0 |    402 |   1 |  541.0 |
       Dungeon |    541 |    541 |      0 |      0 |    402 |   1 |  541.0 |
               +--------+--------+--------+--------+--------+-----+--------+

Top non-repeatable levels by time:
     D:5: 541 daAuts
